 Dungeon Crawl Stone Soup version 0.30.0-29-ga12c61a403 (webtiles) character file.

Game seed: 9419213729270015707

5731 AlmostDecent the Frost Mage (level 10, -11/76 HPs)
             Began as a Gnoll Ice Elementalist on June 9, 2023.
             Mangled by a white ugly thing (26 damage)
             ... on level 9 of the Dungeon.
             The game lasted 00:27:18 (7802 turns).

AlmostDecent the Frost Mage (GnIE)                  Turns: 7802, Time: 00:27:18

Health: -11/76     AC: 24    Str: 16    XL:     10   Next: 77%
Magic:  25/30      EV: 13    Int: 25    God:
Gold:   436        SH:  0    Dex: 12    Spells: 13/24 levels left

rFire   . . .        t - +5 quarterstaff (chaos)
rCold   . . .        (shield currently unavailable)
rNeg    + . .        j - +5 ring mail "Xappyhal" {Drain Str+9 Int+5 Stlth-}
rPois   +            (no helmet)
rElec   .            u - +2 cloak
rCorr   .            (no gloves)
SInv    .            (no boots)
Will    .....        (no amulet)
Stlth   ++           n - ring "Fioczypt" {rPois rN+ MP+9}
HPRegen 0.32/turn    A - +4 ring of protection
MPRegen 0.22/turn

%: no passive effects
@: ice-armoured, about to teleport, freezing walls
A: fangs 1, strong nose, distributed training
a: no special abilities


You were on level 9 of the Dungeon.
You visited 2 branches of the dungeon, and saw 10 of its levels.

You collected 436 gold pieces.

Inventory:

Hand Weapons
 t - a +5 quarterstaff of chaos (weapon)
 y - the +7 spear "Iken" {heavy, Stlth+}
   (You found it on level 5 of the Dungeon)

   Stlth:     It makes you more stealthy.
Missiles
 c - 4 throwing nets
Armour
 j - the +5 ring mail "Xappyhal" (worn) {Drain Str+9 Int+5 Stlth-}
   (You found it on level 2 of the Dungeon)

   Str:       It affects your strength (+9).
   Int:       It affects your intelligence (+5).
   Drain:     It drains your maximum health when unequipped.
   Stlth:     It makes you less stealthy.
 u - a +2 cloak (worn)
Jewellery
 a - a ring of protection from cold
 n - the ring "Fioczypt" (left hand) {rPois rN+ MP+9}
   (You acquired it on level 7 of the Dungeon)

   [ring of magical power]

   rPois:     It protects you from poison.
   rN:        It protects you from negative energy.
   MP:        It affects your magic capacity (+9).
 A - a +4 ring of protection (right hand)
Wands
 g - a wand of paralysis (22)
 o - a wand of flame (10)
 D - a wand of roots (11)
Scrolls
 h - a scroll of teleportation
 l - a scroll of blinking
 m - a scroll of enchant weapon
 q - a scroll of magic mapping {unknown}
 r - a scroll of fog
 E - a scroll of immolation
Potions
 b - 4 potions of magic
 d - a potion of degeneration {unknown}
 e - a potion of attraction {unknown}
 f - a potion of lignification {unknown}
 i - 4 potions of mutation
 k - 3 potions of curing
 s - 2 potions of might {unknown}
 w - a potion of cancellation {unknown}
 C - a potion of invisibility {unknown}
 F - a potion of berserk rage {unknown}
 G - 3 potions of brilliance {unknown}


   Skills:
 + Level 5.8 Fighting
 + Level 5.8 Short Blades
 + Level 5.8 Long Blades
 + Level 5.8 Axes
 + Level 5.8 Maces & Flails
 + Level 5.8 Polearms
 + Level 5.8 Staves
 + Level 5.8 Ranged Weapons
 + Level 5.8 Throwing
 + Level 5.8 Armour
 + Level 7.5 Dodging
 + Level 7.2 Stealth
 + Level 5.8 Shields
 + Level 5.8 Unarmed Combat
 + Level 7.7 Spellcasting
 + Level 4.8 Conjurations
 + Level 4.8 Hexes
 + Level 4.8 Summonings
 + Level 4.8 Necromancy
 + Level 4.8 Translocations
 + Level 4.8 Transmutations
 + Level 4.8 Fire Magic
 + Level 8.7 Ice Magic
 + Level 4.8 Air Magic
 + Level 4.8 Earth Magic
 + Level 4.8 Poison Magic
 + Level 6.3 Invocations
 + Level 5.8 Evocations


You had 13 spell levels left.
You knew the following spells:

 Your Spells              Type           Power      Damage    Failure   Level
a - Freeze                Ice            100%       1d10      1%          1
b - Frozen Ramparts       Ice            100%       1d16      1%          3
c - Ozocubu's Armour      Ice            52%        N/A       1%          3
d - Summon Ice Beast      Ice/Summ       43%        N/A       7%          4

Your spell library contained the following spells:

 Spells                   Type           Power      Damage    Failure   Level
 Ensorcelled Hibernation  Hex/Ice        86%        N/A       1%          2
 Dazzling Flash           Conj/Hex       66%        N/A       4%          3
 Spider Form              Tmut/Pois      33%        N/A       4%          3
 Volatile Blastmotes      Fire/Tloc      66%        2d15      4%          3
 Anguish                  Hex/Necr       16%        N/A       14%         4
 Iskenderun's Mystic Bla  Conj/Tloc      33%        2d8       14%         4
 Metabolic Englaciation   Hex/Ice        21%        N/A       19%         5
 Simulacrum               Ice/Necr       21%        N/A       71%         6
 Starburst                Conj/Fire      16%        6d6       92%         6


Dungeon Overview and Level Annotations

Branches:
Dungeon (9/15)             Temple (1/1) D:6
   Lair: D:8-11         Orc: D:9-12

Altars:
Ashenzari
Cheibriados
Dithmenos
Gozag
Hepliaklqana
Makhleb
Nemelex Xobeh
Okawaru
Qazlal
Ru
Trog
Wu Jian
Xom
Yredelemnul
Zin
The Shining One

Shops:
D:1 ([   D:2 :

Annotations:
D:4 2 transporters, cheesebisquit's ghost, amateur SpEn


Innate Abilities, Weirdness & Mutations

You have very sharp teeth.
Your uncanny sense of smell can sniff out nearby items.
Your experience applies equally to all skills.


Message History

The wall freezes the fire elemental!
The white ugly thing resists.
The wall freezes the white ugly thing.
The white ugly thing kicks you but does no damage.
The deep elf pyromancer is engulfed in blazing flames.
The wall freezes the centaur.
The fire elemental is frozen!
The wall freezes the fire elemental!!
You destroy the fire elemental!
The fire elemental disappears in a puff of smoke!
Okay, then.
As you read the scroll of teleportation, it crumbles to dust.
You feel strangely unstable.
The fire elemental is frozen!
The wall freezes the fire elemental!
The white ugly thing resists.
The wall freezes the white ugly thing.
The white ugly thing kicks you but does no damage.
The deep elf pyromancer is engulfed in blazing flames.
The wall freezes something!
Something hits you but does no damage.
You closely miss the white ugly thing.
The white ugly thing is severely wounded.
The fire elemental is frozen!
The wall freezes the fire elemental!
The wall freezes the centaur.
You kill the centaur!
The white ugly thing resists.
The wall freezes the white ugly thing.
The white ugly thing kicks you! The white ugly thing freezes you!!
* * * LOW HITPOINT WARNING * * *
The fire elemental is frozen!
The wall freezes the fire elemental!
The wall freezes the efreet but does no damage.
The deep elf pyromancer is engulfed in blazing flames.
The deep elf pyromancer casts a spell.
The wall freezes something!
Something hits you.
* * * LOW HITPOINT WARNING * * *
Something burns you.
* * * LOW HITPOINT WARNING * * *
The heat melts your icy armour.
You feel better.
The fire elemental is frozen!
The wall freezes the fire elemental.
The wall freezes the white ugly thing but does no damage.
The white ugly thing kicks you.
* * * LOW HITPOINT WARNING * * *
The white ugly thing freezes you!!
You die...

...................
#####...##.........
#.#.#..###.###.
######+#.....## .#
#...........## .
#.##.......## ##
#..........# #☼
+..........##E##E..
######.....@uEe°...
+.....##°##...
#.....# #∆ #.....#
#####.. ... ..# .#


You could see a white ugly thing, a deep elf pyromancer and 3 fire elementals.

Vanquished Creatures
  A centaur warrior (D:9)
  Pikel (D:8)
  An ugly thing (D:9)
  Maurice (D:8)
  Maggie (D:7)
  Psyche (D:8)
  An efreet (D:9)
  A hornet (D:7)
  Prince Ribbit (D:7)
  A slime creature (D:9)
  Eustachio (D:5)
  Menkaure (D:7)
  A water moccasin (D:6)
  2 orc warriors
  A sky beast (D:7)
  An ice beast (D:6)
  2 ogres (D:4)
  2 centaurs
  2 lemures (D:8)
  2 kobold brigands
  A bullfrog (D:8)
  2 gnoll sergeants
  6 scorpions
  4 wights (D:8)
  An orc priest (D:8)
  2 hounds
  Crazy Yiuf (D:3)
  5 gnoll boudas
  A sleepcap (D:6)
  An iguana (D:7)
  An orc wizard (D:7)
  28 gnolls
  7 adders
  A shadow imp (D:7)
  2 white imps (D:4)
  2 worms
  5 dart slugs
  18 orcs
  9 endoplasms
  6 giant cockroaches
  9 goblins
  5 hobgoblins
  4 jackals (D:2)
  3 quokkas
  5 ball pythons
  3 bats
  3 frilled lizards (D:2)
  17 kobolds
  3 rats
180 creatures vanquished.

Vanquished Creatures (others)
  An orc (D:8)
  A kobold (D:8)
2 creatures vanquished.

Grand Total: 182 creatures vanquished

Notes
Turn   | Place    | Note
-------+----------+-------------------------------------------
     0 | D:1      | AlmostDecent the Gnoll Ice Elementalist began the quest for
                  | the Orb.
     0 | D:1      | Reached XP level 1. HP: 13/13 MP: 6/6
    80 | D:1      | Noticed a floating eye
   123 | D:1      | Noticed a golden eye
   125 | D:1      | Found a faded altar of an unknown god.
   126 | D:1      | Noticed an eye of devastation
   126 | D:1      | Noticed a golden eye
   141 | D:1      | Reached XP level 2. HP: 19/19 MP: 3/7
   335 | D:1      | Found Eczu's Weapon Boutique.
   631 | D:1      | Reached skill level 5 in Spellcasting
   631 | D:1      | Reached XP level 3. HP: 22/25 MP: 4/9
   636 | D:1      | Learned a level 3 spell: Frozen Ramparts
   640 | D:1      | Learned a level 3 spell: Ozocubu's Armour
   939 | D:1      | Found Icom Suqeni's Antique Armour Boutique.
  1386 | D:2      | Reached skill level 1 in Invocations
  1511 | D:2      | Reached skill level 1 in Fighting
  1511 | D:2      | Reached skill level 1 in Short Blades
  1511 | D:2      | Reached skill level 1 in Long Blades
  1511 | D:2      | Reached skill level 1 in Axes
  1511 | D:2      | Reached skill level 1 in Maces & Flails
  1511 | D:2      | Reached skill level 1 in Polearms
  1511 | D:2      | Reached skill level 1 in Staves
  1511 | D:2      | Reached skill level 1 in Ranged Weapons
  1511 | D:2      | Reached skill level 1 in Throwing
  1511 | D:2      | Reached skill level 1 in Armour
  1511 | D:2      | Reached skill level 1 in Shields
  1511 | D:2      | Reached skill level 1 in Unarmed Combat
  1511 | D:2      | Reached skill level 1 in Evocations
  1748 | D:2      | Identified the +5 ring mail "Xappyhal" {Drain Str+9 Int+5
                  | Stlth-}
  1896 | D:2      | Reached XP level 4. HP: 32/32 MP: 8/11
  1942 | D:2      | Learned a level 4 spell: Summon Ice Beast
  2054 | D:2      | Found Kead's Book Emporium.
  2360 | D:2      | Reached skill level 1 in Conjurations
  2360 | D:2      | Reached skill level 1 in Hexes
  2360 | D:2      | Reached skill level 1 in Summonings
  2360 | D:2      | Reached skill level 1 in Necromancy
  2360 | D:2      | Reached skill level 1 in Translocations
  2360 | D:2      | Reached skill level 1 in Transmutations
  2360 | D:2      | Reached skill level 1 in Fire Magic
  2360 | D:2      | Reached skill level 1 in Air Magic
  2360 | D:2      | Reached skill level 1 in Earth Magic
  2360 | D:2      | Reached skill level 1 in Poison Magic
  2851 | D:3      | Reached XP level 5. HP: 37/37 MP: 8/12
  2892 | D:3      | Found a stormy altar of Qazlal.
  2896 | D:3      | Found a sparkling altar of Nemelex Xobeh.
  3114 | D:3      | Found a runed translucent door.
  3115 | D:3      | Noticed Crazy Yiuf
  3123 | D:3      | Killed Crazy Yiuf
  3255 | D:4      | Found a transporter.
  3255 | D:4      | Noticed cheesebisquit's ghost (amateur SpEn)
  3266 | D:4      | Found a transporter.
  3316 | D:4      | Noticed an ogre
  3321 | D:4      | Killed an ogre
  3322 | D:4      | Reached XP level 6. HP: 44/44 MP: 7/14
  3328 | D:4      | Reached skill level 5 in Dodging
  3638 | D:4      | Reached XP level 7. HP: 49/50 MP: 11/15
  4135 | D:5      | Entered Level 5 of the Dungeon
  4212 | D:5      | Reached skill level 5 in Stealth
  4251 | D:5      | Identified the +7 spear "Iken" {heavy, Stlth+}
  4294 | D:5      | Noticed Eustachio
  4301 | D:5      | Killed Eustachio
  4377 | D:5      | Reached XP level 8. HP: 58/58 MP: 16/16
  5271 | D:6      | Found a staircase to the Ecumenical Temple.
  5282 | D:6      | Found an iron altar of Okawaru.
  5289 | D:6      | Found a snail-covered altar of Cheibriados.
  5314 | Temple   | Entered the Ecumenical Temple
  5855 | D:7      | Noticed a hornet
  5866 | D:7      | Killed a hornet
  5934 | D:7      | Noticed Prince Ribbit
  5944 | D:7      | Killed Prince Ribbit
  5945 | D:7      | Reached XP level 9. HP: 65/65 MP: 12/18
  6101 | D:7      | Noticed Maggie
  6112 | D:7      | Killed Maggie
  6113 | D:7      | Reached skill level 8 in Ice Magic
  6683 | D:7      | Identified a scroll of acquirement
  6683 | D:7      | Acquired the ring "Fioczypt" {rPois rN+ MP+9}
  6748 | D:7      | Reached skill level 5 in Invocations
  6790 | D:7      | Noticed Menkaure
  6795 | D:7      | Killed Menkaure
  7075 | D:8      | Noticed Pikel
  7087 | D:8      | Killed Pikel
  7116 | D:8      | Found a hazy altar of Hepliaklqana.
  7127 | D:8      | Noticed Psyche
  7137 | D:8      | Killed Psyche
  7138 | D:8      | Reached skill level 5 in Fighting
  7138 | D:8      | Reached skill level 5 in Short Blades
  7138 | D:8      | Reached skill level 5 in Long Blades
  7138 | D:8      | Reached skill level 5 in Axes
  7138 | D:8      | Reached skill level 5 in Maces & Flails
  7138 | D:8      | Reached skill level 5 in Polearms
  7138 | D:8      | Reached skill level 5 in Staves
  7138 | D:8      | Reached skill level 5 in Ranged Weapons
  7138 | D:8      | Reached skill level 5 in Throwing
  7138 | D:8      | Reached skill level 5 in Armour
  7138 | D:8      | Reached skill level 5 in Shields
  7138 | D:8      | Reached skill level 5 in Unarmed Combat
  7138 | D:8      | Reached skill level 5 in Evocations
  7138 | D:8      | Reached XP level 10. HP: 68/74 MP: 20/20
  7283 | D:8      | Noticed Maurice
  7314 | D:8      | Killed Maurice
  7781 | D:9      | Noticed a white ugly thing
  7781 | D:9      | Noticed a centaur warrior
  7782 | D:9      | Noticed a deep elf pyromancer
  7782 | D:9      | Noticed a red ugly thing
  7783 | D:9      | Noticed a wizard
  7791 | D:9      | Killed a white ugly thing
  7791 | D:9      | Killed a centaur warrior
  7802 | D:9      | Mangled by a white ugly thing

Illustrated notes

Levels and vault maps discovered:
D:1:      erik_arrival_blinker_ship, layout_basic, serial_shops,
          nicolae_shop_tiny_real_fake_doors, shop,
          hellmonk_ecumenical_altar_watching_god, serial_forest,
          infiniplex_forest_lined_corner, infiniplex_forest_lined_3,
          infiniplex_forest_lined_1, infiniplex_forest_clump_diagonal,
          infiniplex_forest_straight_2, infiniplex_forest_lined_2,
          infiniplex_forest_clump_double, infiniplex_forest_straight_5,
          infiniplex_forest_clump_small, infiniplex_forest_clump_small,
          chequers_serial_rivers_room_a
D:2:      layout_basic, serial_shops, nicolae_book_shop_shelving,
          serial_bayou_crossing
D:3:      layout_rooms, mainiacjoe_overflow_catch_the_wave,
          uniq_crazy_yiuf_cottage
D:4:      layout_basic, gammafunk_ghost_arena
D:5:      layout_basic, minmay_misc_feat_encased, corner_web_ring,
          kennysheep_generic_room_13, uniq_eustachio
D:6:      layout_basic, grunt_temple_overflow_open, temple_statues
D:7:      layout_gridville, uniq_prince_ribbit1, uniq_menkaure, uniq_maggie
D:8:      layout_rooms, mainiacjoe_overflow_alcove_2,
          eino_small_chamber_without_monster, uniq_psyche, uniq_maurice,
          uniq_pikel
D:9:      minmay_the_grid_octo_triangle [minmay_the_grid_octo_toaster,
          minmay_the_grid_octo_prize_square_snowflake,
          minmay_the_grid_octo_vomiting_pacman], layout_stronghold,
          dpeg_lair_monsters, david_orc_2, hellmonk_guarded_unrand_vines
Temple:   chequers_temple_sunken

Skill      XL: |  1  2  3  4  5  6  7  8  9 10 |
---------------+-------------------------------+-----
Spellcasting   | 5 6 7 |  7.7
Invocations    | 1 2 3 4 5 6 |  6.3
Fighting       | 1 2 3 4 5 |  5.8
Short Blades   | 1 2 3 4 5 |  5.8
Long Blades    | 1 2 3 4 5 |  5.8
Axes           | 1 2 3 4 5 |  5.8
Maces & Flails | 1 2 3 4 5 |  5.8
Polearms       | 1 2 3 4 5 |  5.8
Staves         | 1 2 3 4 5 |  5.8
Ranged Weapons | 1 2 3 4 5 |  5.8
Throwing       | 1 2 3 4 5 |  5.8
Armour         | 1 2 3 4 5 |  5.8
Shields        | 1 2 3 4 5 |  5.8
Unarmed Combat | 1 2 3 4 5 |  5.8
Evocations     | 1 2 3 4 5 |  5.8
Conjurations   | 1 2 3 4 |  4.8
Hexes          | 1 2 3 4 |  4.8
Summonings     | 1 2 3 4 |  4.8
Necromancy     | 1 2 3 4 |  4.8
Translocations | 1 2 3 4 |  4.8
Transmutations | 1 2 3 4 |  4.8
Fire Magic     | 1 2 3 4 |  4.8
Air Magic      | 1 2 3 4 |  4.8
Earth Magic    | 1 2 3 4 |  4.8
Poison Magic   | 1 2 3 4 |  4.8
Dodging        | 5 6 7 |  7.5
Stealth        | 5 6 7 |  7.2
Ice Magic      | 8 |  8.7

Action                     |  1- 3 |  4- 6 |  7- 9 | 10-12 || total
---------------------------+-------+-------+-------+-------++-------
  Melee: Unarmed           |    11 |       |       |       ||    11
         Bite              |     2 |     7 |    12 |    10 ||    31
         Short sword       |       |     9 |       |       ||     9
         Quarterstaff      |       |    24 |   123 |    71 ||   218
   Cast: Freeze            |    45 |    28 |       |       ||    73
         Frozen Ramparts   |     7 |     6 |    22 |     7 ||    42
         Ozocubu's Armour  |       |     4 |     9 |     3 ||    16
    Use: Scroll            |       |       |    15 |     1 ||    16
         Potion            |       |       |       |     3 ||     3
   Stab: Paralysed         |       |       |     2 |       ||     2
         Petrified         |       |       |     1 |       ||     1
 Armour: Robe              |     4 |       |       |       ||     4
         Ring mail         |       |    22 |    66 |    37 ||   125
  Dodge: Dodged            |    21 |    33 |    78 |    68 ||   200
